AoeStats
← Retired Big Boss

Arabia

510008603Analyzed
2v2 RM · 4d ago on Sep 29, 2026· 46m 32s· 4 players
Game mode
Random Map
Map size
Medium (4 player)
Population
200
Speed
Normal
Resources
Standard
Victory
Conquest
Starting age
Dark Age
Ending age
Imperial Age
RankedLock teamsTeams togetherTeam positionsShared explorationLock speedFull tech treeHidden civsTurbo modeCheats
Victory
Defeat
🇲🇽 Spanish · Mexico
974
+6
🇵🇪 Franks · Peru
764
+13
🇨🇱 Britons · Chile
739
-10
🇻🇪 Romans · Venezuela
691
-9
Jenson
9:46 Loom
12:12 Feudal Age
13:37 Wheelbarrow
12:48 Loom
13:48 Double-Bit Axe
15:04 Horse Collar
22:44 Castle Age
20:46 Fletching
21:51 Padded Archer Armor
23:15 Forging
24:23 Husbandry
25:03 Pikeman
31:57 Town Watch
37:39 Squires
37:25 Arson
GUOL0L0 JhosDash
8:38 Loom
11:39 Feudal Age
13:49 Man-at-Arms
15:02 Scale Mail Armor
21:19 Castle Age
21:48 Scale Barding Armor
29:24 Long Swordsman
42:07 Imperial Age
43:18 Wheelbarrow
42:33 Double-Bit Axe
Winnie The Pooh
8:11 Loom
10:22 Feudal Age
11:36 Man-at-Arms
12:39 Double-Bit Axe
14:58 Wheelbarrow
17:31 Fletching
18:31 Scale Mail Armor
22:02 Castle Age
21:03 Forging
21:53 Horse Collar
22:12 Pikeman
22:53 Squires
23:06 Bow Saw
25:41 Long Swordsman
26:32 Bodkin Arrow
33:38 Gambesons
40:59 Husbandry
42:28 Heavy Plow
44:51 Hand Cart
Retired Big Boss
12:33 Feudal Age
13:13 Double-Bit Axe
17:52 Castle Age
18:12 Wheelbarrow
20:32 Forging
21:12 Husbandry
33:39 Gold Mining
38:37 Imperial Age
36:24 Scale Barding Armor
38:29 Hand Cart
38:47 Cavalier
40:04 Iron Casting
42:20 Elite Skirmisher
44:40 Ballistics
45:24 Chemistry
44:45 Ballistics
45:11 Paladin
46:12 Chain Barding Armor
48:00 Blast Furnace
Connection lost

Rejoining the realm…

Still unreachable

The connection could not be restored.

Session expired

The server has moved on; the page needs a fresh start.